 Dungeon Crawl Stone Soup version 0.18-a0-1035-g72c9994 (webtiles) character file.

590 George the Carver (level 7, 0/58 HPs)
             Began as a Minotaur Fighter on Jan 9, 2016.
             Was an Initiate of Okawaru.
             Slain by an orc
             ... wielding a +0 short sword
              (3 damage)
             ... on level 5 of the Dungeon.
             The game lasted 00:06:45 (4170 turns).

George the Carver (Minotaur Fighter)                Turns: 4170, Time: 00:06:46

Health: 0/58       AC:  8    Str: 23    XL:     7   Next: 16%
Magic:  6/6        EV:  7    Int:  5    God:    Okawaru [......]
Gold:   220        SH: 10    Dex:  9    Spells: 0 memorised, 6 levels left

rFire  . . .     SeeInvis .     a - +0 long sword
rCold  . . .     Gourm    .     b - +0 scale mail
rNeg   . . .     Faith    .     c - +1 shield
rPois  .         Spirit   .     (helmet restricted)
rElec  .         Dismiss  .     (no cloak)
rCorr  .         Reflect  .     k - +0 pair of gloves
SustAt .         Harm     .     (no boots)
MR     .....                    (no amulet)
Stlth  ..........               (no ring)
                                (no ring)

@: not resistant to hostile enchantments, extremely unstealthy
A: retaliatory headbutt, horns 2
a: Renounce Religion


You were on level 5 of the Dungeon.
You worshipped Okawaru.
Okawaru was noncommittal.
You were hungry.

You visited 2 branches of the dungeon, and saw 6 of its levels.

You collected 220 gold pieces.

Inventory:

Hand Weapons
 a - a +0 long sword (weapon)
Armour
 b - a +0 scale mail (worn)
 c - a +1 shield (worn)
 k - a +0 pair of gloves (worn)
Wands
 C - a wand of digging (1/24)
Scrolls
 g - a scroll of magic mapping
 j - 2 scrolls of teleportation
 E - a scroll of remove curse
Potions
 d - 2 potions of might
 e - 2 potions of agility
 m - a potion of mutation
 o - 4 potions of curing
 p - a potion of lignification {unknown}
 q - a potion of cure mutation {unknown}
 v - 2 potions of haste {unknown}
 w - a potion of ambrosia {unknown}
Comestibles
 f - 5 bread rations
 h - 3 fruits
 u - 2 meat rations
 z - a slice of pizza
 D - a beef jerky
 F - 2 chunks of flesh


   Skills:
 + Level 3.7 Fighting
 + Level 9.3 Long Blades
 + Level 3.8 Armour
 - Level 3.6 Shields
 + Level 0.6 Invocations


You had 6 spell levels left.
You didn't know any spells.

Dungeon Overview and Level Annotations

Branches:
Dungeon (5/15)             Temple (1/1) D:4

Altars:
Ashenzari
Cheibriados
Dithmenos
Gozag
Kikubaaqudgha
Makhleb
Okawaru
Pakellas
Qazlal
Sif Muna
Trog
Vehumet
Xom


Innate Abilities, Weirdness & Mutations

You reflexively headbutt those who attack you in melee.
You have a pair of horns on your head.


Message History

The orc hits you with a short sword.
* * * LOW HITPOINT WARNING * * *
You hit the orc. You headbutt the orc.
The orc is almost dead.
The orc hits you but does no damage. You block the orc's attack.
You hit the orc.
You kill the orc!
Okawaru accepts your kill. You block the orc's attack.
You closely miss the orc. The orc hits you with a short sword.
* * * LOW HITPOINT WARNING * * *
You closely miss the orc. The orc hits you with a short sword.
* * * LOW HITPOINT WARNING * * *
You closely miss the orc. You headbutt the orc, but do no damage.
The orc hits you with a short sword.
* * * LOW HITPOINT WARNING * * *
You hit the orc.
The orc is heavily wounded.
The orc hits you with a short sword.
You die...

#._.)#.......#
##...#....|..#
#....'.>.....#
#....#.......#
##...#.......#
#####.......#
#.......#
#......†#####.
#.....@).......
#....o)).......
#..............
#..............
#.............o
#..............
#..............
#.............
######........


You could see an orc.

Vanquished Creatures
  A centaur (D:5)
  A scorpion (D:4)
  2 hounds (D:4)
  2 orc priests
  An orc wizard (D:4)
  Natasha (twice) (D:2)
  5 worker ants
  5 adders
  An ooze (D:3)
  2 giant geckos (D:2)
  10 orcs
  6 bats
  5 giant cockroaches
  14 goblins
  12 hobgoblins
  5 jackals
  10 kobolds
  A ball python (D:4)
  4 giant newts
  A jackal skeleton (D:4)
  A quokka skeleton (D:4)
  8 rats
99 creatures vanquished.

Notes
Turn   | Place    | Note
--------------------------------------------------------------
     0 | D:1      | George the Minotaur Fighter began the quest for the Orb.
     0 | D:1      | Reached XP level 1. HP: 19/19 MP: 0/0
   162 | D:1      | Reached XP level 2. HP: 20/26 MP: 1/1
   469 | D:1      | Found a shattered altar of Ashenzari.
   796 | D:2      | Reached skill level 4 in Long Blades
   856 | D:2      | Reached XP level 3. HP: 31/31 MP: 2/2
   895 | D:2      | Noticed Natasha
   905 | D:2      | Killed Natasha
   905 | D:2      | Reached skill level 5 in Long Blades
  1115 | D:2      | Reached XP level 4. HP: 37/39 MP: 3/3
  1154 | D:2      | Found an ancient bone altar of Kikubaaqudgha.
  1154 | D:2      | Found a stormy altar of Qazlal.
  1226 | D:2      | Noticed Natasha
  1232 | D:2      | Killed Natasha
  1427 | D:2      | Reached skill level 6 in Long Blades
  1684 | D:2      | Found a burning altar of Makhleb.
  2033 | D:3      | Reached XP level 5. HP: 43/45 MP: 4/4
  2767 | D:4      | Reached skill level 7 in Long Blades
  3028 | D:4      | Reached XP level 6. HP: 34/51 MP: 5/5
  3118 | D:4      | Reached skill level 8 in Long Blades
  3498 | D:4      | Found a deep blue altar of Sif Muna.
  3540 | D:4      | Found a staircase to the Ecumenical Temple.
  3545 | Temple   | Entered the Ecumenical Temple
  3742 | D:4      | Found an oddly glowing altar of Pakellas.
  3754 | D:5      | Entered Level 5 of the Dungeon
  3763 | D:5      | Reached skill level 9 in Long Blades
  3763 | D:5      | Reached XP level 7. HP: 14/57 MP: 6/6
  4106 | D:5      | Found an iron altar of Okawaru.
  4132 | D:5      | Became a worshipper of Warmaster Okawaru
  4163 | D:5      | HP: 2/58 [orc/short sword (2)]
  4170 | D:5      | Slain by an orc

Vault maps used:
D:1:      kilobyte_arrival_exit_the_forest, nicolae_ashenzari_panopticon
D:2:      lemuel_coloured_pillars_altar, gammafunk_temple_overflow_wave,
          first_bread, minmay_goblin_kobold_house, uniq_natasha
D:3:      corexii_shack_village, minivault_14
D:4:      led_sif_pool, johnstein_pakellas_dig, temple_doors_a
D:5:      overflow_temple_1_default, minmay_misc_feat_square,
          minmay_misc_feat_room, makhleb_blood_cavern_becter
Temple:   hc_temple_tempest_star_small

Action                   |  1- 3 |  4- 6 |  7- 9 || total
-------------------------+-------+-------+-------++-------
Melee: Long sword        |    82 |   173 |    22 ||   277
  Use: Scroll            |       |    10 |       ||    10
       Potion            |       |       |     1 ||     1
  Eat: Chunk             |     1 |     7 |       ||     8
       Royal jelly       |       |       |     1 ||     1
